[Event "*** MasterClass Titled Tuesday Blitz"]
[Site "Chess.com"]
[Date "2017.10.03"]
[Round "1"]
[White "grzechu96"]
[Black "shepi13"]
[Result "1-0"]
[WhiteElo "2432"]
[BlackElo "1999"]
[TimeControl "180+2"]
[EndTime "13:02:39 PDT"]
[Termination "grzechu96 won by resignation"]

1. e4 c5 2. Nf3 d6 3. d4 cxd4 4. Nxd4 Nf6 5. Nc3 a6 6. Be3 Ng4 7. Bc1 Nf6 8. f3 e6 9. Be3 b5 10. Qd2 b4 11. Na4 Nbd7 12. O-O-O Qa5 13. b3 d5 14. e5 Nxe5 15. Bf4 Ned7 16. Nc6 1-0

[Event "*** MasterClass Titled Tuesday Blitz"]
[Site "Chess.com"]
[Date "2017.10.03"]
[Round "1"]
[White "Huntress_M"]
[Black "XiaoKangZhong"]
[Result "1-0"]
[WhiteElo "2441"]
[BlackElo "1998"]
[TimeControl "180+2"]
[EndTime "13:03:12 PDT"]
[Termination "Huntress_M won by checkmate"]

1. e4 c5 2. Nc3 Nc6 3. d3 g6 4. g3 Bg7 5. Be3 d6 6. Bg2 e5 7.
Qd2 Nge7 8. Bh6 O-O 9. h4 f6 10. Bxg7 Kxg7 11. h5 g5 12. h6+ Kg8 13. f4 gxf4 14.
gxf4 exf4 15. Qxf4 Ng6 16. Qg3 Nd4 17. O-O-O b5 18.
Re1 b4 19. Nd5 a5 20. Nf3 a4 21. Nh4 Qe8 22. Qxd6 b3 23. Nxf6+ Rxf6 24. Qxf6 a3 25. Qg7# 1-0

[Event "*** MasterClass Titled Tuesday Blitz"]
[Site "Chess.com"]
[Date "2017.10.03"]
[Round "1"]
[White "toad"]
[Black "Muracle"]
[Result "0-1"]
[WhiteElo "2151"]
[BlackElo "2483"]
[TimeControl "180+2"]
[EndTime "13:03:42 PDT"]
[Termination "Muracle won by resignation"]

1. d4 Nf6 2. c4 g6 3. g3 Bg7 4. Bg2 d5 5. cxd5 Nxd5 6. Nf3 O-O 7. O-O Nb6 8. e3 Nc6 9. Bd2 e5 10. Bc3 exd4 11. Nxd4 Nxd4 12. Bxd4 Bxd4 13. Qxd4 Qxd4 14. exd4 c6 15. Nc3 Nc4 16. d5 cxd5 17. Nxd5 Rb8 18. b3 Ne5 19. Rfd1 Kg7 20. Rac1 Bg4 21. Rd4 Rbd8 22. h3 Nf3+ 23. Bxf3 Bxf3 24. Rc3 Rxd5 0-1

[Event "*** MasterClass Titled Tuesday Blitz"]
[Site "Chess.com"]
[Date "2017.10.03"]
[Round "1"]
[White "SidArun"]
[Black "chessdude"]
[Result "0-1"]
[WhiteElo "2079"]
[BlackElo "2453"]
[TimeControl "180+2"]
[EndTime "13:03:51 PDT"]
[Termination "chessdude won by resignation"]

1. e4 c5 2. d4 cxd4 3. c3 Nf6 4.
e5 Nd5 5. cxd4 d6 6. Nf3 Nc6 7. Bc4 dxe5 8. dxe5 Ndb4 9. Qb3 e6 10. a3 Na5 11. Qc3 Nxc4 12. Qxc4 Nd3+ 13. Ke2 Nxc1+ 14.
Rxc1 Be7 15. Nbd2 O-O 16. Qc7 Bd7 17. a4 Bc6 18. Qxd8 Rfxd8 19. Rc3 Bb4 20. Rd3 Rxd3 21. Kxd3 Rd8+ 22. Ke2 h6 23. Rd1 Bxa4 24. Ra1 Bb5+ 25.
Ke3 Rd3+ 0-1

[Event "*** MasterClass Titled Tuesday Blitz"]
[Site "Chess.com"]
[Date "2017.10.03"]
[Round "1"]
[White "MisaPap"]
[Black "BillCoe"]
[Result "1-0"]
[WhiteElo "2439"]
[BlackElo "1964"]
[TimeControl "180+2"]
[EndTime "13:03:59 PDT"]
[Termination "MisaPap won by resignation"]

1. e4 c5 2. Nf3 e6 3. c3 Nc6 4. d4 cxd4 5. cxd4 d6 6. Nc3 Be7 7. Bd3 Nf6 8. O-O O-O 9. a3 a6 10. b4 b5 11. Bb2 Bb7 12. Rc1 Rc8 13. Re1 Qb6 14. Bb1 e5 15. Nd5 Nxd5 16. exd5 Nd8 17. Rxc8 Bxc8 18. dxe5 dxe5 19. Nxe5 Bd6 20. Qc2 g6 21. Qxc8 1-0

[Event "*** MasterClass Titled Tuesday Blitz"]
[Site "Chess.com"]
[Date "2017.10.03"]
[Round "1"]
[White "avto24"]
[Black "VojtechPlat"]
[Result "0-1"]
[WhiteElo "2393"]
[BlackElo "2686"]
[TimeControl "180+2"]
[EndTime "13:04:04 PDT"]
[Termination "VojtechPlat won by checkmate"]

1. e4 c5 2. c3 Nf6 3. e5 Nd5 4. d4 cxd4 5. Nf3 Nc6 6. cxd4 d6 7. Bc4 Nb6 8. Bb5 e6 9. O-O Bd7 10. exd6 Bxd6 11. Nc3 O-O 12. a3 Rc8 13. Bd3 f5 14. Re1 Qf6 15. Bg5 Qg6 16. Qd2 Na5 17. Rad1 Nac4 18. Qe2 Nxa3 19. h4 h6 20. Bc1 Nac4 21.
b3 Na5 22. Qb2 Bc6 23. Ne5 Qxg2# 0-1

[Event "*** MasterClass Titled Tuesday Blitz"]
[Site "Chess.com"]
[Date "2017.10.03"]
[Round "1"]
[White "HanSchut"]
[Black "Bengalas"]
[Result "0-1"]
[WhiteElo "2209"]
[BlackElo "2513"]
[TimeControl "180+2"]
[EndTime "13:04:05 PDT"]
[Termination "Bengalas won by resignation"]

1. e4 c5 2. Nf3 d6 3. d4 cxd4 4. Nxd4 Nf6 5. f3 e5 6. Bb5+ Nbd7 7. Nf5 d5 8. exd5 a6 9. Bxd7+ Qxd7 10. Ne3 b5 11. a4 Bb7 12. axb5 axb5 13. Rxa8+ Bxa8 14. Nc3 Bc5 15. Qe2 b4 16. Ne4 Bxe3 17. Nxf6+ gxf6 18. Bxe3 Bxd5 19. O-O Qc6 20. Rd1 Ke7 21. Qd2 Ke6 22.
Qxb4 Rg8 23. Kf2 Rxg2+ 24. Kxg2 Bxf3+ 25. Kf2 Bxd1 26. c3 Qf3+ 0-1

[Event "*** MasterClass Titled Tuesday Blitz"]
[Site "Chess.com"]
[Date "2017.10.03"]
[Round "1"]
[White "Carolina-moon"]
[Black "ArnaudovP"]
[Result "0-1"]
[WhiteElo "2056"]
[BlackElo "2452"]
[TimeControl "180+2"]
[EndTime "13:04:17 PDT"]
[Termination "ArnaudovP won by resignation"]

1. e4 e5 2. Nf3 Nc6 3. Bb5 Bb4 4. O-O Nge7 5. c3 Ba5 6. d4 exd4 7. cxd4 d5 8. e5 Bg4 9. Be3 O-O 10. h3 Bxf3 11.
Qxf3 f6 12. exf6 Rxf6 13. Qe2 Qd6 14. Nd2 Raf8 15. Nf3 Rxf3 16. gxf3 Nf5 17. Bxc6 Qxc6 18. Rad1 Qg6+ 19. Kh2 Bb4 20. Rg1 Qh5 21. Bf4 Nh4 22.
Be5 Nxf3+ 23. Qxf3 Rxf3 0-1

[Event "*** MasterClass Titled Tuesday Blitz"]
[Site "Chess.com"]
[Date "2017.10.03"]
[Round "1"]
[White "MartinMatthiesen"]
[Black "ChessQueen"]
[Result "1-0"]
[WhiteElo "2333"]
[BlackElo "2590"]
[TimeControl "180+2"]
[EndTime "13:04:31 PDT"]
[Termination "MartinMatthiesen won by resignation"]

1. d4 Nf6 2. c4 e6 3. Nf3 b6 4. g3 Bb7 5. Bg2 Be7 6. O-O O-O 7.
Nc3 Ne4 8. Bd2 d6 9. Be1 Nd7 10. Qc2 Nxc3 11. Bxc3 f5 12. Ng5 Bxg5 13. Bxb7 Rb8 14.
Bg2 Qf6 15. f4 Bh6 16. e4 Qg6 17. d5 exd5 18. exf5 Qxf5 19. Bxd5+ Kh8 20. Qxf5 Rxf5 21. Be6 1-0

[Event "*** MasterClass Titled Tuesday Blitz"]
[Site "Chess.com"]
[Date "2017.10.03"]
[Round "1"]
[White "Too_Stupid_To_Play"]
[Black "IM_Michal_Luch"]
[Result "0-1"]
[WhiteElo "2154"]
[BlackElo "2478"]
[TimeControl "180+2"]
[EndTime "13:04:41 PDT"]
[Termination "IM_Michal_Luch won by resignation"]

1. Nf3 Nf6 2. c4 e6 3. g3 d5 4. Bg2 dxc4 5. O-O Nbd7 6. Na3 Bxa3 7. bxa3 O-O 8. Qc2 Nb6 9. a4 a5 10. Ne5 Bd7 11. Bxb7 Bxa4 12. Qb1 Rb8 13. Bc6 Nbd7 14. Qxb8 Qxb8 15. Nxd7 Nxd7 16. Bxa4 Nc5 17. Bc2 Rd8 18. Rb1 Qa8 19. Ba3 Nd7 20. Rb5 Nb6 21. Rfb1 Rxd2 22.
Bd1 Qd8 0-1

[Event "*** MasterClass Titled Tuesday Blitz"]
[Site "Chess.com"]
[Date "2017.10.03"]
[Round "1"]
[White "pedromartinez91"]
[Black "yosephtaher"]
[Result "0-1"]
[WhiteElo "2279"]
[BlackElo "2555"]
[TimeControl "180+2"]
[EndTime "13:04:46 PDT"]
[Termination "yosephtaher won on time"]

1. e4 c5 2. Nf3 e6 3. c3 d5 4. exd5 Qxd5 5. d4 Nf6 6. Be2 Be7 7. O-O O-O 8. dxc5 Qxc5 9. Be3 Qc7 10. Na3 Bxa3 11.
bxa3 Nbd7 12. Qa4 b6 0-1

[Event "*** MasterClass Titled Tuesday Blitz"]
[Site "Chess.com"]
[Date "2017.10.03"]
[Round "1"]
[White "Buffy7"]
[Black "Grootneus"]
[Result "1-0"]
[WhiteElo "2470"]
[BlackElo "2127"]
[TimeControl "180+2"]
[EndTime "13:04:57 PDT"]
[Termination "Buffy7 won by resignation"]

1. d4 g6 2. Nf3 Bg7 3. e3 d6 4.
Be2 e5 5. O-O Nd7 6. c4 f5 7. dxe5 dxe5 8. Nc3 c6 9. Qc2 Ngf6 10. b3 O-O 11. Ba3 Re8 12. Rad1 Qa5 13. Bb2 Nc5 14. a3 Nce4 15. b4 Qc7 16. Nd2 Nxc3 17. Bxc3 Be6 18. Qb2 Bf7 19. c5 Rad8 20. Nc4 Ne4 21. Rxd8 Qxd8 22. Bxe5 Bxc4 23. Bxc4+ 1-0

[Event "*** MasterClass Titled Tuesday Blitz"]
[Site "Chess.com"]
[Date "2017.10.03"]
[Round "1"]
[White "ehrenfeld"]
[Black "krzyzan94"]
[Result "0-1"]
[WhiteElo "2315"]
[BlackElo "2598"]
[TimeControl "180+2"]
[EndTime "13:04:58 PDT"]
[Termination "krzyzan94 won by resignation"]

1. e4 c5 2. Nf3 e6 3. d3 Nc6 4. g3 d5 5. Qe2 Nf6 6. Bg2 Be7 7. e5 Nd7 8. c4 d4 9. O-O g5 10. h3 h5 11. Re1 g4 12. hxg4 hxg4 13. Nh2 Ncxe5 14.
Nxg4 Nxg4 15. Qxg4 Nf6 16. Qe2 Qb6 17. Nd2 Bd7 18.
Nf3 Bc6 19. Bf4 O-O-O 20. Rab1 Rh5 21. a3 a5 22. b4 cxb4 23. axb4 Bxb4 24. Bd2 Rdh8 25.
Bxb4 axb4 26. Rb2 Qc5 27. Reb1 Qf5 28. Rxb4 Rh1+ 29. Bxh1 Rxh1+ 0-1

[Event "*** MasterClass Titled Tuesday Blitz"]
[Site "Chess.com"]
[Date "2017.10.03"]
[Round "1"]
[White "pastouche06"]
[Black "Oneofmyturns"]
[Result "0-1"]
[WhiteElo "2286"]
[BlackElo "2570"]
[TimeControl "180+2"]
[EndTime "13:04:59 PDT"]
[Termination "Oneofmyturns won by resignation"]

1. e4 c5 2. Nf3 d6 3. d4 cxd4 4.
Nxd4 Nf6 5. Nc3 g6 6. Be3 Bg7 7. f3 a6 8. Qd2 Nbd7 9. Bc4 b5 10. Bb3 Bb7 11. O-O-O Rc8 12. Kb1 Nc5 13. h4 h5 14.
Rhe1 Nxb3 15. Nxb3 O-O 16. Bh6 b4 17. Ne2 a5 18. g4 hxg4 19. Bxg7 Kxg7 20. Ned4 gxf3 21. Qg5 Rh8 22. e5 Ne4 23. Nf5+ Kf8 24. Rxe4 Bxe4 25. exd6 Bxf5 26. Nd4 0-1

[Event "*** MasterClass Titled Tuesday Blitz"]
[Site "Chess.com"]
[Date "2017.10.03"]
[Round "1"]
[White "TrickyTrapChess"]
[Black "ZapataCharlesS"]
[Result "0-1"]
[WhiteElo "2281"]
[BlackElo "2563"]
[TimeControl "180+2"]
[EndTime "13:04:59 PDT"]
[Termination "ZapataCharlesS won by resignation"]

1. c4 e5 2. Nc3 f5 3. g3 Nf6 4. Bg2 Be7 5. e3 O-O 6. Nge2 d6 7. d4 Nbd7 8. O-O Qe8 9. b3 c6 10. Bb2 Qh5 11. h3 e4 12. Nf4 Qf7 13. d5 Ne5 14. Nce2 g5 15. Ne6 Bxe6 16. dxe6 Qxe6 17. Nd4 Qd7 18. Qe2 g4 19. h4 Nf3+ 20. Kh1 Rad8 21. b4 d5 22. c5 Ne8 23. Qc2 Bf6 24. Rad1 Ng7 25. a4 Qe7 26. Bxf3 gxf3 27. Rg1 Bxh4 28.
Qc3 Bf6 29. Kh2 Qf7 30. Rh1 Ne6 31. Kg1 f4 32. gxf4 Qg7+ 33. Kf1 Qg2+ 34. Ke1 Bxd4 35.
Kd2 Bxc3+ 0-1

[Event "*** MasterClass Titled Tuesday Blitz"]
[Site "Chess.com"]
[Date "2017.10.03"]
[Round "1"]
[White "Semetey"]
[Black "GrigorGrigorov"]
[Result "0-1"]
[WhiteElo "2386"]
[BlackElo "2709"]
[TimeControl "180+2"]
[EndTime "13:05:10 PDT"]
[Termination "GrigorGrigorov won by resignation"]

1. Nf3 Nf6 2. g3 d5 3. Bg2 c6 4. O-O Bg4 5. d3 Nbd7 6. Nbd2 e5 7. Qe1 Be7 8. e4 dxe4 9. dxe4 O-O 10. h3 Bh5 11.
Nh4 Re8 12. a4 a5 13. Nc4 Qc7 14. Bd2 b6 15. Nf5 Bf8 16. g4 Bg6 17. Nce3 Nc5 18. f3 Ne6 19. Rf2 Bc5 20. Bf1 Rad8 21. Kh2 Nf4 22. Bc4 Rd7 23. Bc3 Red8 24. h4 h5 25. g5 Nh7 26. Rd2 Nf8 27. Rad1 Rxd2+ 28. Rxd2 Rxd2+ 29.
Qxd2 N8e6 30. Bb3 Nd4 31. Ng3 Nxf3+ 0-1

[Event "*** MasterClass Titled Tuesday Blitz"]
[Site "Chess.com"]
[Date "2017.10.03"]
[Round "1"]
[White "Gordima"]
[Black "Masterbeaterr"]
[Result "1-0"]
[WhiteElo "2559"]
[BlackElo "2279"]
[TimeControl "180+2"]
[EndTime "13:05:29 PDT"]
[Termination "Gordima won by resignation"]

1. d4 d5 2. Nf3 Nf6 3. e3 Bg4 4. c4 c6 5. h3 Bxf3 6. Qxf3 e6 7. Nc3 Be7 8. a3 O-O 9. Bd2 Nbd7 10. cxd5 exd5 11. Bd3 Re8 12. g4 Nf8 13. g5 N6d7 14.
h4 Ne6 15. Ne2 Ndf8 16. Ng3 Nxd4 17. exd4 Bxa3+ 18. Kf1 Bxb2 19. Rb1 Bxd4 20. Rxb7 Re7 21. Rxe7 Qxe7 22. Nf5 Qc5 23. h5 Be5 24. g6 fxg6 25.
hxg6 Nxg6 26. Qh5 Nf8 27. Nh6+ gxh6 28. Qxe5 Ng6 29. Bxg6 hxg6 30. Qe6+ 1-0

[Event "*** MasterClass Titled Tuesday Blitz"]
[Site "Chess.com"]
[Date "2017.10.03"]
[Round "1"]
[White "fastestmindalive"]
[Black "MaxLeto"]
[Result "1-0"]
[WhiteElo "2597"]
[BlackElo "2311"]
[TimeControl "180+2"]
[EndTime "13:05:33 PDT"]
[Termination "fastestmindalive won on time"]

1. e4 c5 2. Nc3 d6 3. f4 Nc6 4. Nf3 g6 5. Bb5 Bg7 6. Bxc6+ bxc6 7.
O-O Nh6 8. d3 O-O 9. Qe1 f5 10.
e5 Rb8 11. Kh1 Kh8 12. Qh4 Nf7 13. Re1 Qc7 14. exd6 exd6 15. Re7 Bd7 16. Rxf7 Rxf7 17. Ng5 Kg8 18. Qxh7+ Kf8 19. Qxg6 Be8 20. Ne6+ Kg8 21. Nxc7 Rxc7 22. Qxd6 Rbc8 23. Be3 Bf7 24. Bxc5 Rb7 25.
Bd4 Bf8 26. Qf6 1-0

[Event "*** MasterClass Titled Tuesday Blitz"]
[Site "Chess.com"]
[Date "2017.10.03"]
[Round "1"]
[White "TamNguyen2"]
[Black "Margency"]
[Result "0-1"]
[WhiteElo "2241"]
[BlackElo "2523"]
[TimeControl "180+2"]
[EndTime "13:05:38 PDT"]
[Termination "Margency won by resignation"]

1. c4 Nf6 2. Nf3 g6 3. g3 Bg7 4. Bg2 d5 5. cxd5 Nxd5 6. O-O O-O 7. Nc3 Nb6 8. d3 Nc6 9. Be3 e5 10. Rc1 Re8 11. Ne4 Nd4 12. Nc5 c6 13. Re1 Nd5 14. Bd2 b6 15. Ne4 c5 16. Nc3 Bb7 17. Ng5 h6 18.
Nge4 f5 19. Nxd5 Bxd5 20. Nc3 Bxg2 21. Kxg2 Qd7 22. Be3 Rad8 23. Qd2 Kh7 24. Kg1 Ne6 25.
Qd1 Qb7 26. Qa4 Rf8 27. Qh4 f4 28. Bd2 Bf6 29. Qh3 Ng5 30. Qg2 f3 31. Qh1 Nh3+ 32.
Kf1 Bg5 33. Ne4 Bxd2 34. Nxd2 fxe2+ 35. Kxe2 0-1

[Event "*** MasterClass Titled Tuesday Blitz"]
[Site "Chess.com"]
[Date "2017.10.03"]
[Round "1"]
[White "Boryboy"]
[Black "severomorskij"]
[Result "0-1"]
[WhiteElo "2330"]
[BlackElo "2632"]
[TimeControl "180+2"]
[EndTime "13:05:56 PDT"]
[Termination "severomorskij won by resignation"]

1. d4 Nf6 2. Nf3 e6 3. g3 b5 4. Bg2 Bb7 5. a4 b4 6. Bg5 c5 7. c3 Na6 8. O-O cxd4 9. cxd4 Be7 10. Nbd2 O-O 11. Nb3 h6 12. Bxf6 Bxf6 13. Qd3 d6 14. Rfc1 g6 15. Nfd2 d5 16. Nc5 Nxc5 17. Rxc5 a5 18.
Nb3 Ba6 19. Qd2 Bc4 20. Rxc4 dxc4 21. Bxa8 cxb3 22. Bf3 Qxd4 23. Rd1 Qxb2 24. Qxh6 Qc2 25. Rc1 Rc8 0-1

[Event "*** MasterClass Titled Tuesday Blitz"]
[Site "Chess.com"]
[Date "2017.10.03"]
[Round "1"]
[White "ka1ser64"]
[Black "Muisback26"]
[Result "0-1"]
[WhiteElo "2324"]
[BlackElo "2620"]
[TimeControl "180+2"]
[EndTime "13:06:03 PDT"]
[Termination "Muisback26 won by resignation"]

1. d4 Nf6 2. c4 g6 3. Nc3 Bg7 4. e4 d6 5. Nf3 O-O 6. Be2 e5 7.
O-O c6 8. Re1 Bg4 9. Rb1 Na6 10.
d5 Nc5 11. Nd2 Nd3 12. f3 Nxc1 13. Qxc1 Bd7 14. Nf1 Nh5 15. g3 f5 16. Nd2 Bh6 17.
Qc2 Be3+ 18. Kg2 Qg5 19. Nf1 Bd4 20. Kh1 Qh6 21. Bd3 Rac8 22. Ne2 Bf2 23. Red1 cxd5 24. exd5 e4 25. fxe4 f4 26. Qd2 Bg4 27. Ng1 Be3 28. Nxe3 fxe3 29. Qb4 Nxg3+ 30. Kg2 Rf2+ 31. Kxg3 Qxh2+ 32. Kxg4 Rf4+ 0-1

[Event "*** MasterClass Titled Tuesday Blitz"]
[Site "Chess.com"]
[Date "2017.10.03"]
[Round "1"]
[White "Incognito_Knight"]
[Black "AndrewMcStone"]
[Result "1-0"]
[WhiteElo "2449"]
[BlackElo "2052"]
[TimeControl "180+2"]
[EndTime "13:06:03 PDT"]
[Termination "Incognito_Knight won on time"]

1. e4 Nc6 2. Nf3 d6 3. d4 Nf6 4. Nc3 g6 5. h3 Bg7 6. Be3 O-O 7.
Be2 e5 8. d5 Ne7 9. O-O Nh5 10.
Re1 Nf4 11. Bf1 f5 12. Bxf4 exf4 13. Nd4 fxe4 14. Nxe4 Nxd5 15. Bc4 c6 16. Nf3 Qa5 17. c3 Kh8 18. Nxd6 Bf5 19. Nd4 Bd7 20. Nxb7 Qb6 21.
Qb3 Bxd4 22. cxd4 Qxd4 23. Rad1 Qf6 24. Nc5 Bxh3 25. Qxh3 Qxb2 26. Ne6 Rf5 27. Bxd5 cxd5 28. Rb1 Qxa2 29. Qc3+ 1-0

[Event "*** MasterClass Titled Tuesday Blitz"]
[Site "Chess.com"]
[Date "2017.10.03"]
[Round "1"]
[White "Keranke"]
[Black "biostatistician"]
[Result "1-0"]
[WhiteElo "2717"]
[BlackElo "2403"]
[TimeControl "180+2"]
[EndTime "13:06:04 PDT"]
[Termination "Keranke won by resignation"]

1. d4 Nf6 2. c4 g6 3. g3 Bg7 4.
Bg2 O-O 5. Nf3 b6 6. Ne5 c6 7. Nc3 Bb7 8. O-O d6 9. Nd3 Nbd7 10. b3 e5 11. dxe5 dxe5 12. Bb2 Qe7 13. a4 Rfd8 14. a5 Nc5 15. Qc2 Ne6 16. e3 c5 17. Bxb7 Qxb7 18. Nxe5 h5 19. a6 Qe7 20. Nc6 Qc7 21. Nxd8 Rxd8 22. Rfd1 h4 23. Nb5 Rxd1+ 24. Qxd1 Qc6 25. Bxf6 Bxf6 26. Qd5 Qe8 27. Rd1 Ng5 28. Nxa7 Kg7 29. Nb5 1-0

[Event "*** MasterClass Titled Tuesday Blitz"]
[Site "Chess.com"]
[Date "2017.10.03"]
[Round "1"]
[White "Lawliet64"]
[Black "nubair1198"]
[Result "0-1"]
[WhiteElo "2042"]
[BlackElo "2446"]
[TimeControl "180+2"]
[EndTime "13:06:04 PDT"]
[Termination "nubair1198 won by checkmate"]

1. e4 Nf6 2. Nc3 d5 3. exd5 Nxd5 4. Bc4 Nb6 5. Bb3 Nc6 6. h3 g6 7. d3 Bg7 8. f4 O-O 9. Nf3 Nd4 10. O-O c5 11. Nxd4 Qxd4+ 12. Kh1 Bd7 13. Qe1 Rae8 14.
Be3 Qb4 15. Ne4 Qxe1 16. Raxe1 c4 17. dxc4 Bxb2 18. Bc5 Bc6 19. Ng5 Bf6 20. Ne4 Bh4 21. g3 Bxg3 22. Re3 Bh4 23. Kg1 Nd7 24. Ba3 Rd8 25. Ng5 e5 26. Bxf8 exf4 27. Nxf7 Rxf8 28. Rxf4 Bf6 29. c5 Kg7 30. Nd6 Nxc5 31. Rb4 Bg5 32. Re2 a5 33. Rb6 Rf3 34. Re5 Be3+ 35. Kh2 Rf2+ 36. Kg3 Rg2+ 37. Kh4 g5+ 38. Kh5 Bf3# 0-1

[Event "*** MasterClass Titled Tuesday Blitz"]
[Site "Chess.com"]
[Date "2017.10.03"]
[Round "1"]
[White "Tarlev_Konstantin"]
[Black "NateSolon"]
[Result "1-0"]
[WhiteElo "2614"]
[BlackElo "2319"]
[TimeControl "180+2"]
[EndTime "13:06:10 PDT"]
[Termination "Tarlev_Konstantin won by resignation"]

1. d4 d5 2. Nf3 Nf6 3. c4 e6 4. Nc3 a6 5. cxd5 exd5 6. Qb3 c6 7. Bg5 Be7 8. e3 O-O 9. Bd3 Ra7 10. O-O Bg4 11. Ne5 Bh5 12. f4 Nfd7 13. Bxe7 Qxe7 14. Rae1 f6 15. Nf3 Kh8 16. e4 dxe4 17. Nxe4 Qd8 18. Ned2 Nb6 19. Qc2 f5 20. Bxf5 g6 21. Be6 Bxf3 22.
Nxf3 Rxf4 23. d5 Nxd5 24. Ne5 Qb6+ 25. Kh1 Rxf1+ 26. Rxf1 Ne3 27. Qc3 1-0

[Event "*** MasterClass Titled Tuesday Blitz"]
[Site "Chess.com"]
[Date "2017.10.03"]
[Round "1"]
[White "bancsoo"]
[Black "saraswathii"]
[Result "1-0"]
[WhiteElo "2548"]
[BlackElo "2272"]
[TimeControl "180+2"]
[EndTime "13:06:19 PDT"]
[Termination "bancsoo won by resignation"]

1. Nf3 Nf6 2. g3 g6 3. Bg2 Bg7 4. O-O O-O 5. d4 d6 6. c4 Nfd7 7. Nc3 c6 8. e4 e5 9. h3 exd4 10.
Nxd4 Nb6 11. b3 N8d7 12. Be3 Qe7 13. Qc2 Nc5 14. Rfe1 Ne6 15. Rad1 Nxd4 16. Bxd4 Be6 17. Qd2 Rad8 18. Nd5 Bxd5 19. exd5 Qd7 20. dxc6 bxc6 21. Bxg7 Kxg7 22. c5 Nc8 23. cxd6 Qxd6 24. Qc3+ Qf6 25. Qxc6 Rxd1 26. Rxd1 Nb6 27. Qxf6+ Kxf6 28. a4 Ke6 29. a5 Nd7 30. b4 Rb8 31. b5 Ne5 32. b6 a6 33. Bf1 Nc6 34. Ra1 Ra8 35. Bg2 Kd6 36.
Rd1+ 1-0

[Event "*** MasterClass Titled Tuesday Blitz"]
[Site "Chess.com"]
[Date "2017.10.03"]
[Round "1"]
[White "dzhumagaliev"]
[Black "NMJeevanK"]
[Result "1-0"]
[WhiteElo "2601"]
[BlackElo "2315"]
[TimeControl "180+2"]
[EndTime "13:06:31 PDT"]
[Termination "dzhumagaliev won by resignation"]

1. Nf3 d5 2. d4 c6 3. c4 Nf6 4.
e3 e6 5. Nbd2 Bd6 6. Bd3 O-O 7.
O-O Nbd7 8. e4 e5 9. cxd5 cxd5 10.
Re1 dxe4 11. Nxe4 Nxe4 12. Rxe4 f5 13. Bc4+ Kh8 14. Rh4 e4 15. Ng5 h6 16. Qh5 Be7 17.
Ne6 Nf6 18. Qxf5 Bxe6 19. Qxe6 Qxd4 20. Bxh6 Nd5 21. Be3+ Bxh4 22. Bxd4 Nf6 23. Qh3 g5 24. g3 1-0

[Event "*** MasterClass Titled Tuesday Blitz"]
[Site "Chess.com"]
[Date "2017.10.03"]
[Round "1"]
[White "guilhermedeola"]
[Black "MyleneFarmer"]
[Result "0-1"]
[WhiteElo "1915"]
[BlackElo "2420"]
[TimeControl "180+2"]
[EndTime "13:06:32 PDT"]
[Termination "MyleneFarmer won on time"]

1. d4 Nf6 2. c4 e6 3. Nc3 Bb4 4.
e3 O-O 5. Bd3 d5 6. a3 Bxc3+ 7.
bxc3 c5 8. cxd5 Qxd5 9. f3 b6 10.
Ne2 Ba6 11. O-O Bxd3 12. Qxd3 Nc6 13. Bb2 Na5 14. a4 Rac8 15. Ba3 Rfd8 16. e4 Qc4 17. Qxc4 Nxc4 18. Rfd1 cxd4 19. cxd4 Nxa3 20. Rxa3 Rc2 21. Nc3 Rc8 22. Nb5 a6 23. Nd6 R8c6 24. e5 Nd5 25.
g3 g5 26. Ne4 h6 27. a5 bxa5 28. Nc5 Rb6 29. Nd3 Ne3 30. Rda1 Rg2+ 31. Kh1 Rd2 32.
Ne1 Nf5 33. Rxa5 Rbb2 34. Rxa6 Rxh2+ 35. Kg1 Nxg3 0-1

[Event "*** MasterClass Titled Tuesday Blitz"]
[Site "Chess.com"]
[Date "2017.10.03"]
[Round "1"]
[White "calemcc"]
[Black "NTBT_DHS"]
[Result "0-1"]
[WhiteElo "2191"]
[BlackElo "2504"]
[TimeControl "180+2"]
[EndTime "13:06:35 PDT"]
[Termination "NTBT_DHS won by resignation"]

1. d4 Nf6 2. c4 g6 3. f3 Bg7 4. e4 O-O 5. Nc3 d6 6. Be3 c5 7. dxc5 dxc5 8. Qxd8 Rxd8 9. Bxc5 Nc6 10. Nge2 b6 11. Ba3 Bb7 12. Nd5 e6 13. Nxf6+ Bxf6 14.
Nc3 Bxc3+ 15. bxc3 Rac8 16. c5 Ne5 17. cxb6 axb6 18.
Rd1 Rxd1+ 19. Kxd1 Rxc3 20. Bb2 Rc5 21. Bd4 Ra5 22.
Bxb6 Rxa2 23. Bd4 Nc6 24. Bc3 e5 25. Bc4 Rxg2 26. Bd5 Rf2 27. Bxc6 Bxc6 28. Bxe5 Rxf3 29. Ke2 Bxe4 30. Rc1 f6 31. Bg3 Rb3 32. Rc7 h5 33. Re7 Bf3+ 34. Kf2 Bd5 35. Rd7 Be6 36. Re7 Rb6 37.
Rc7 g5 38. Ra7 h4 39. Bc7 Rb2+ 40. Ke3 Rb3+ 41. Kd4 Kf7 42. Kc5 Rd3 43. Kc6 Kg6 44.
Kc5 Rd5+ 45. Kc6 Rd2 46. Kc5 g4 47. Ra6 Kf5 48. Kb4 Rc2 49. Bd8 Rc4+ 50. Kb5 Rc8 51. Be7 Bc4+ 0-1

[Event "*** MasterClass Titled Tuesday Blitz"]
[Site "Chess.com"]
[Date "2017.10.03"]
[Round "1"]
[White "Jadeit90"]
[Black "Taron_Shagbazyan"]
[Result "0-1"]
[WhiteElo "2232"]
[BlackElo "2520"]
[TimeControl "180+2"]
[EndTime "13:06:38 PDT"]
[Termination "Taron_Shagbazyan won by resignation"]

1. g3 d5 2. Bg2 c6 3. c4 Nf6 4. cxd5 cxd5 5. Nf3 Nc6 6. O-O e5 7. d4 e4 8. Ne5 Bd6 9. Nxc6 bxc6 10.
Nc3 O-O 11. f3 Re8 12. fxe4 Nxe4 13. Nxe4 dxe4 14. Qc2 Qe7 15. Bf4 Bb7 16. Bxd6 Qxd6 17. e3 Ba6 18. Rfc1 Rac8 19. Bf1 Bxf1 20. Kxf1 Qh6 21.
Qf2 Re6 22. Kg2 Rf6 23. Qe2 Rf3 24. Re1 Rb8 25. b3 Rb5 26. Rac1 Rh5 27. Kg1 Qg6 28. Rc5 Rxc5 29. dxc5 h5 30. Rd1 h4 31. Rd8+ Kh7 32. Qg2 Qg5 33. Rd1 Qxe3+ 34. Kh1 Rf2 35. Qh3 Qf3+ 0-1

[Event "*** MasterClass Titled Tuesday Blitz"]
[Site "Chess.com"]
[Date "2017.10.03"]
[Round "1"]
[White "gmcorrales"]
[Black "x-3738459472"]
[Result "1-0"]
[WhiteElo "2657"]
[BlackElo "2375"]
[TimeControl "180+2"]
[EndTime "13:06:39 PDT"]
[Termination "gmcorrales won by checkmate"]

1. e4 c5 2. Nf3 Nc6 3. d4 cxd4 4. Nxd4 e5 5. Nb5 d6 6. N1c3 a6 7. Na3 b5 8. Nd5 Nge7 9. c4 Nd4 10. Bd3 Nxd5 11. exd5 Be7 12. O-O O-O 13. cxb5 f5 14. Be3 Nxb5 15. Nxb5 axb5 16. Bxb5 f4 17. Bd2 f3 18. g3 Rb8 19. a4 Rxb5 20. axb5 Qd7 21. Kh1 Qh3 22. Rg1 Rf5 23. g4 Rf8 24. Rg3 Qh4 25.
Ra4 Bb7 26. Be3 Bf6 27. g5 e4 28. gxf6 Rxf6 29. Ra7 Rf7 30. b6 Qh5 31. Rg5 Qh3 32. Ra1 h6 33. Rg3 Qf5 34. Qd4 Kh7 35. Rag1 g5 36. Rd1 g4 37. Rc1 h5 38. h4 Kg6 39.
Rc7 Rxc7 40. bxc7 Qd7 41. Qh8 Qb5 42. Qg8+ Kf5 43. Qg5# 1-0